 Dungeon Crawl Stone Soup version 0.24.0-28-g17ded55e90 (webtiles) character file.

Game seed: 8689176607625489523, levelgen mode: deterministic

205 Gumption the Grave Robber (level 5, -1/40 HPs)
             Began as a Demonspawn Necromancer on Nov 11, 2019.
             Was an Initiate of Sif Muna.
             Slain by an iguana (11 damage)
             ... on level 4 of the Dungeon.
             The game lasted 00:23:32 (3472 turns).

Gumption the Grave Robber (Demonspawn Necromancer)  Turns: 3472, Time: 00:23:32

Health: -1/40      AC:  6    Str: 13    XL:     5   Next: 53%
Magic:  5/9        EV: 12    Int: 18    God:    Sif Muna [......]
Gold:   166        SH:  0    Dex: 13    Spells: 2/10 levels left

rFire    . . .     SeeInvis .   b - +4 quarterstaff (chaos)
rCold    . . .     Gourm    .   (shield currently unavailable)
rNeg     . . .     Faith    .   c - +0 robe
rPois    .         Spirit   .   (no helmet)
rElec    .         Reflect  .   t - +1 cloak
rCorr    .         Harm     .   (no gloves)
MR       .....                  o - +0 pair of boots
Stlth    ++........             (no amulet)
HPRegen  0.13/turn              s - ring of wizardry
MPRegen  0.11/turn              (no ring)

@: mighty
A: rugged brown scales 1, powered by pain 1, rot immunity
a: Renounce Religion


You were on level 4 of the Dungeon.
You worshipped Sif Muna.
Sif Muna was noncommittal.
You were not hungry.

You visited 1 branch of the dungeon, and saw 4 of its levels.

You collected 166 gold pieces.

Inventory:

Hand Weapons
 a - a +0 dagger
 b - a +4 quarterstaff of chaos (weapon)
Missiles
 g - 2 throwing nets
 j - 103 stones (quivered)
Armour
 c - a +0 robe (worn)
 o - a +0 pair of boots (worn)
 t - a +1 cloak (worn)
Jewellery
 s - a ring of wizardry (left hand)
Wands
 l - a wand of digging (5)
Scrolls
 d - a scroll of noise {unknown}
 m - a scroll of teleportation {unknown}
 n - a scroll of amnesia {unknown}
 q - a scroll of immolation {unknown}
 r - a scroll of magic mapping
 u - a scroll of remove curse
 x - 2 scrolls of fog
Potions
 f - a potion of mutation
 h - a potion of cancellation
 i - a potion of magic
 k - a potion of heal wounds
 p - a potion of flight
 w - a potion of agility {unknown}
Comestibles
 e - 3 rations


   Skills:
 + Level 2.3 Fighting
 - Level 1.7 Dodging
 - Level 1.7 Stealth
 + Level 3.1 Spellcasting
 * Level 6.2 Necromancy


You had 2 spell levels left.
You knew the following spells:

 Your Spells              Type           Power        Failure   Level  Hunger
a - Pain                  Necr           ####         1%          1    None
b - Animate Skeleton      Necr           N/A          1%          1    None
c - Vampiric Draining     Necr           ####......   1%          3    ###....
z - Regeneration          Chrm/Necr      ##........   6%          3    ###....

Your spell library contained the following spells:

 Spells                   Type           Power        Failure   Level  Hunger
 Animate Dead             Necr           N/A          4%          4    ####...


Dungeon Overview and Level Annotations

Branches:
Dungeon (4/15)
 Temple: D:4-7

Altars:
Kikubaaqudgha
Sif Muna
Trog


Innate Abilities, Weirdness & Mutations

You are partially covered in rugged brown scales. (AC +1, +3% HP)
You sometimes gain a little power by taking damage.
You are immune to rotting.


Message History

* * * LOW HITPOINT WARNING * * *
You sock the iguana!
The iguana is heavily wounded.
The iguana bites you but does no damage.
The iguana closely misses you.
Casting: Pain (safe; 1% risk of failure)
Confirm with . or Enter, or press ? or * to list all spells.
Aiming: Pain (safe; 1% risk of failure)
Press: ? - help, Shift-Dir - straight line, f - iguana
Aim: an iguana (heavily wounded, chance to defeat MR: 89%)
The iguana writhes in agony.
You hear the slow rusting of a very distant drain.
The iguana bites you!
* * * LOW HITPOINT WARNING * * *
You focus on the pain.
You feel very mighty all of a sudden.
You closely miss the iguana.
The iguana is heavily wounded.
The iguana bites you!
You die...

*,*,* *,* #. *,*,* *,* #. **,*,*
*,* #. ,,,,,* **,* #. **,*** *,,*
####### #. *,* *,** ###.....# #<
*,* *,* #.....#.#####. *,* *,*
#####....<........ *,* *,*
#@%............... *,*
*,******#l###.....#.#.#### *,*
*,,,,,,*#a#*#......#..#* *,*
*,,***,*.....(....###..#**
**,*****,,***,#....###..?)#.....,
,,,,,,,,,,**,,.....,,....#.#.###*
**,*****,***,....$#,.#...#.#.#***
*,,,,,,,,,,,....##*,,....,.,,,,,
*********,*,,,,,,*,,,*,,,,,,,,,,


You could see an iguana and a worker ant.

Vanquished Creatures
  An ice beast (D:3)
  A hound (D:4)
  Crazy Yiuf (D:2)
  A dart slug (D:1)
  2 leopard geckos
  An orc (D:3)
  A ball python (D:3)
  A giant cockroach (D:3)
  7 goblins
  6 hobgoblins
  6 bats
  5 frilled lizards
  6 kobolds
  5 rats
44 creatures vanquished.

Vanquished Creatures (collateral kills)
  An adder (D:2)
  A hobgoblin (D:3)
2 creatures vanquished.

Grand Total: 46 creatures vanquished

Notes
Turn   | Place    | Note
-------+----------+-------------------------------------------
     0 | D:1      | Gumption the Demonspawn Necromancer began the quest for the
                  | Orb.
     0 | D:1      | Reached XP level 1. HP: 13/13 MP: 3/3
     2 | D:1      | Learned a level 1 spell: Animate Skeleton
   452 | D:1      | Gained mutation: You are partially covered in rugged brown
                  | scales. (AC +1, +3% HP) [demonic ancestry]
   452 | D:1      | Reached XP level 2. HP: 14/20 MP: 3/5
  1565 | D:2      | Reached skill level 1 in Fighting
  1655 | D:2      | Reached skill level 5 in Necromancy
  1655 | D:2      | Gained mutation: You sometimes gain a little power by
                  | taking damage. [demonic ancestry]
  1655 | D:2      | Reached XP level 3. HP: 21/26 MP: 0/6
  1660 | D:2      | Learned a level 3 spell: Vampiric Draining
  1920 | D:2      | Found a runed translucent door.
  1921 | D:2      | Noticed Crazy Yiuf
  2141 | D:2      | Found a shimmering blue altar of Sif Muna.
  2144 | D:2      | Became a worshipper of Sif Muna the Loreminder
  2241 | D:2      | Killed Crazy Yiuf
  2241 | D:2      | Gained mutation: You are immune to rotting. [demonic
                  | ancestry]
  2241 | D:2      | Reached XP level 4. HP: 29/32 MP: 2/7
  2375 | D:3      | Noticed an ice beast
  2386 | D:3      | Killed an ice beast
  2386 | D:3      | Reached skill level 6 in Necromancy
  2386 | D:3      | Reached XP level 5. HP: 9/39 MP: 7/9
  2694 | D:3      | Found an ancient bone altar of Kikubaaqudgha.
  3127 | D:3      | Learned a level 3 spell: Regeneration
  3129 | D:3      | Found a bloodstained altar of Trog.
  3472 | D:4      | Slain by an iguana

Levels and vault maps discovered:
D:1:      minmay_arrival_up_and_down, layout_basic
D:2:      layout_rooms, lemuel_blue_sif_altar, kennysheep_cross_room,
          uniq_crazy_yiuf_cottage
D:3:      layout_basic, lemuel_crystal_altar, lemuel_coloured_pillars_altar
D:4:      layout_loops_ring, nicolae_overflow_hidden_temple,
          gup_sewer_entry_bubbles, first_ration

Skill      XL: |  1  2  3  4 |
---------------+-------------+-----
Fighting       | 1 2 |  2.3
Necromancy     | 5 6 |  6.2
Spellcasting   | 3 |  3.1
Dodging        | |  1.7
Stealth        | |  1.7

Action                   |  1- 3 |  4- 6 || total
-------------------------+-------+-------++-------
Melee: Dagger            |     1 |       ||     1
       Quarterstaff      |       |    10 ||    10
Throw: Stone             |     1 |       ||     1
 Cast: Pain              |    54 |    24 ||    78
       Animate Skeleton  |    12 |     7 ||    19
  Use: Scroll            |     7 |     2 ||     9
 Stab: Sleeping          |     1 |       ||     1
  Eat: Chunk             |     4 |     2 ||     6
       Ration            |       |     1 ||     1
Armor: Robe              |     5 |     4 ||     9
Dodge: Dodged            |    12 |     9 ||    21
